 Dungeon Crawl Stone Soup version 0.27.0-1-g7a089689b8 (webtiles) character file.

Game seed: 9775942231885878429

318 Sobieck the Grasshopper (level 6, -3/28 HPs)
             Began as a Felid Warper on Aug 11, 2021.
             Slain by a phantom (7 damage)
             ... on level 5 of the Dungeon.
             The game lasted 00:21:11 (6875 turns).

Sobieck the Grasshopper (Felid Warper)              Turns: 6875, Time: 00:21:12

Health: -3/28      AC:  2    Str:  9    XL:     6   Next: 21%
Magic:  11/11      EV: 19    Int: 14    God:
Gold:   159        SH:  0    Dex: 22    Spells: 3/11 levels left
                                        Lives:  0   Deaths: 1

rFire    . . .     SeeInvis +     - Unarmed
rCold    . . .     Faith    .   (shield unavailable)
rNeg     . . .     Spirit   .   (armour unavailable)
rPois    .         Reflect  .   (helmet unavailable)
rElec    .         Harm     .   (cloak unavailable)
rCorr    .         Rampage  .   (gloves unavailable)
Will     .....                  (boots unavailable)
Stlth    ++........             (no amulet)
HPRegen  0.09/turn              f - +6 ring of dexterity
MPRegen  0.12/turn              (no ring)

@: quick
A: very small, claws 1, fangs 3, see invisible, speed 1, shaggy fur 2, stealthy
paws, no weapons or thrown items, no armour, multi-lived
a: no special abilities


You were on level 5 of the Dungeon.
You visited 1 branch of the dungeon, and saw 5 of its levels.

You collected 249 gold pieces.
You spent 90 gold pieces at shops.


Innate Abilities, Weirdness & Mutations

You have sharp claws.
You have razor-sharp teeth.
You have supernaturally acute eyesight. (SInv)
You cover ground quickly. (Speed+)
You are covered in thick fur. (AC +2)
Your paws help you pounce on unaware monsters.
You are incapable of wielding weapons or throwing items.
You cannot wear armour.
You gain extra lives every three experience levels.


   Skills:
 + Level 3.1 Fighting
 + Level 3.5 Dodging
 * Level 4.3 Unarmed Combat
 + Level 3.1 Spellcasting
 + Level 7.1 Translocations


You had 3 spell levels left.
You knew the following spells:

 Your Spells              Type           Power      Damage    Failure   Level
a - Gell's Gravitas       Tloc           11%        N/A       3%          3
b - Blink                 Tloc           N/A        N/A       1%          2
c - Teleport Other        Tloc           22%        N/A       3%          3

Your spell library contained the following spells:

 Spells                   Type           Power      Damage    Failure   Level
 Lesser Beckoning         Tloc           11%        N/A       3%          3
 Magic Dart               Conj           8%         1d3       22%         1
 Call Imp                 Summ           2%         N/A       32%         2
 Mephitic Cloud           Conj/Pois/Air  2%         N/A       54%         3
 Manifold Assault         Tloc           22%        N/A       30%         5
 Fireball                 Conj/Fire      1%         3d3       99%         5
 Starburst                Conj/Fire      1%         8x6d3     100%        6
 Ignition                 Fire           1%         3d3       100%        8

Inventory:

Jewellery
 f - a +6 ring of dexterity (left paw)
   (You found it on level 1 of the Dungeon)
Wands
 e - a wand of flame (11)
   (You found it on level 4 of the Dungeon)
 h - a wand of paralysis (11)
   (You found it on level 4 of the Dungeon)
Scrolls
 a - 3 scrolls of blinking {!r}
 b - 4 scrolls of identify {@r1}
Potions
 c - a potion of mutation {!q}
 d - a potion of invisibility
 g - a potion of lignification {!q}
 i - 3 potions of curing {unknown}
 j - a potion of attraction {unknown}

Dungeon Overview and Level Annotations

Branches:
Dungeon (5/15)
 Temple: D:4-7

Altars:

Shops:
D:3 :*?

Annotations:
D:3 orc wiz
D:4 ice beash

...............#.#
.................#
.####.........#..# ##
#..........#.##
####.#...........##
#........(.#......##
..##....#..##......#
...###..##..#..#...##
##.###..#......#@...#
#...###....#..##W...#
<....###.###.....####
.....#.....#..##..
.....#.....#.. ..#
.............# ..#
..(..#......## ###
.....##.....#
.....##.....#


You could see a phantom.


Message History

Level annotation: ice beash
There is a stone staircase leading down here.
Unknown command.
Found a runed cloak.
Unknown command.
A goblin is nearby!
Danger!
Unknown command.
Unknown command.
You closely miss the goblin. You claw the goblin!
You kill the goblin!
i - 3 red potions;
j - a scroll labelled FOLURGHIVIV You see here a +0 dagger {short}.
You see here a +0 dagger {short}.
A dart slug comes into view.
Danger!
A giant cockroach comes into view.
The giant cockroach bites you but does no damage.
The dart slug launches a dart at you. The slug dart hits you.
You closely miss the giant cockroach. The giant cockroach bites you.
You scratch the giant cockroach but do no damage.
The giant cockroach misses you.
You barely miss the giant cockroach.
The giant cockroach waves its antennae.
The giant cockroach bites you but does no damage.
You scratch the giant cockroach.
You kill the giant cockroach!
You scratch the dart slug. You scratch the dart slug.
You kill the dart slug!
Things that are here:
a dart slug corpse; a giant cockroach corpse You see here a +0 leather armour.
You start resting.
Key pressed, stopping explore.
As you read the scroll labelled FOLURGHIVIV, it crumbles to dust.
It is a scroll of enchant weapon.
You aren't carrying any weapons that can be enchanted.
Done exploring.
Unknown command.
Done exploring.
Done exploring.
Unknown command.
Done exploring.
(D) Dungeon
Where to? (Enter - D:3 @ (x,y), ? - help)
There is a stone staircase leading up here.
You see here a potion of degeneration {!q@e2}.
You climb upwards.
Level annotation: orc wiz
There is a stone staircase leading down here.
Unknown command.
Done exploring.
You climb downwards.
Level annotation: ice beash
There is a stone staircase leading up here.
You see here a potion of degeneration {!q@e2}.
(D) Dungeon
Where to? (Enter - D:3, ? - help)
There is a stone staircase leading down here.
You climb downwards.
There is a stone staircase leading up here.
Unknown command.
Found an escape hatch in the floor.
Unknown command.
j - a lumpy purple potion Unknown command.
A phantom comes into view.
Danger!
Unknown command.
The phantom closely misses you.
You scratch the phantom but do no damage.
The phantom barely misses you.
You scratch the phantom. The phantom barely misses you.
You scratch the phantom but do no damage.
The phantom misses you.
You scratch the phantom. Your bite misses the phantom. The phantom misses you.
You miss the phantom. Your claw misses the phantom.
You closely miss the phantom. The phantom hits you!
You scratch the phantom. The phantom closely misses you.
Unknown command.
You claw the phantom! The phantom completely misses you.
You closely miss the phantom. Your bite misses the phantom.
The phantom closely misses you.
You closely miss the phantom. The phantom completely misses you.
You scratch the phantom but do no damage.
The phantom hits you!
* * * LOW HITPOINT WARNING * * *
You scratch the phantom. The phantom hits you!
* * * LOW HITPOINT WARNING * * *
Unknown command.
You closely miss the phantom. You claw the phantom.
The phantom barely misses you.
Unknown command.
You barely miss the phantom. The phantom misses you.
Unknown command.
You barely miss the phantom. Your claw misses the phantom.
The phantom hits you!
You die...

Skill      XL: |  1  2  3  4  5 |
---------------+----------------+-----
Translocations | 5 7 |  7.1
Unarmed Combat | 3 4 |  4.3
Fighting       | 3 |  3.1
Spellcasting   | 3 |  3.1
Dodging        | |  3.5

Action                   |  1- 3 |  4- 6 || total
-------------------------+-------+-------++-------
Melee: Unarmed           |   114 |   138 ||   252
       Bite              |    13 |    15 ||    28
       Punch             |     2 |     4 ||     6
 Cast: Gell's Gravitas   |     1 |       ||     1
Evoke: Wand              |       |     3 ||     3
  Use: Scroll            |       |    10 ||    10
       Potion            |       |     1 ||     1
 Stab: Sleeping          |     1 |     3 ||     4
       Paralysed         |       |     2 ||     2
Armor: Skin              |     2 |     6 ||     8
Dodge: Dodged            |    85 |   102 ||   187

Levels and vault maps discovered:
D:1:      kennysheep_arrival_forest, layout_basic,
          hellmonk_ecumenical_altar_watching_god, hangedman_decor_peaks_small
D:2:      layout_loops_cross
D:3:      layout_loops_ring, serial_shops, nicolae_diamond_shop,
          nicolae_shop_behind_doors, shop
D:4:      layout_cave_pools, minmay_close_crescents
D:5:      layout_cave_pools, minmay_temple_entry_glassed_door,
          gup_sewer_entry_bubbles

Notes
Turn   | Place    | Note
-------+----------+-------------------------------------------
     0 | D:1      | Sobieck the Felid Warper began the quest for the Orb.
     0 | D:1      | Reached XP level 1. HP: 9/9 MP: 4/4
   209 | D:1      | Noticed an eye of devastation
   211 | D:1      | Found a faded altar of an unknown god.
   213 | D:1      | Noticed a floating eye
   213 | D:1      | Noticed a shining eye
   213 | D:1      | Noticed a golden eye
   665 | D:1      | Reached XP level 2. HP: 13/13 MP: 6/6
  1674 | D:2      | Reached XP level 3. HP: 10/16 MP: 7/7
  2258 | D:2      | HP: 4/16 [gnoll (7)]
  2514 | D:2      | Reached skill level 5 in Translocations
  2661 | D:2      | Learned a level 3 spell: Gell's Gravitas
  2710 | D:2      | Reached skill level 3 in Unarmed Combat
  3077 | D:3      | Reached XP level 4. HP: 20/20 MP: 8/8
  3257 | D:3      | Found Jiexonoh's Magic Scroll Emporium.
  3286 | D:3      | HP: 3/20 [orc wizard/magic dart (9)]
  3309 | D:3      | HP: 1/20 [orc wizard/magic dart (3)]
  3646 | D:3      | Bought a scroll of blinking for 90 gold pieces
  3762 | D:3      | Found Tyumaig's Book Emporium.
  3957 | D:3      | You pick up a book of Minor Magic and begin reading...
  3957 | D:3      | You add the spells Magic Dart, Call Imp and Mephitic Cloud
                  | to your library.
  3960 | D:3      | Found Paywi's General Store.
  4440 | D:4      | You fall into a shaft and drop 1 floor!
  4440 | D:5      | Entered Level 5 of the Dungeon
  4441 | D:5      | Noticed an ice beast
  4441 | D:5      | Noticed an ogre
  4489 | D:3      | Reached XP level 5. HP: 7/24 MP: 10/10
  5062 | D:4      | Reached skill level 3 in Fighting
  5259 | D:3      | HP: 3/24 [orc wizard/puff of flame (10)]
  5260 | D:3      | Slain by an orc wizard
  5261 | D:3      | Reached XP level 4. HP: 0/21 MP: 9/9
  5652 | D:5      | Reached skill level 4 in Unarmed Combat
  5652 | D:5      | Reached skill level 3 in Spellcasting
  5701 | D:5      | HP: 2/21 [worm (11)]
  6146 | D:5      | Noticed an ogre
  6159 | D:5      | Killed an ogre
  6160 | D:5      | Reached skill level 7 in Translocations
  6160 | D:5      | Reached XP level 5. HP: 24/24 MP: 10/10
  6161 | D:5      | Noticed an ogre
  6207 | D:5      | Killed an ogre
  6208 | D:5      | Gained mutation: You are covered in thick fur. (AC +2)
                  | [Felid growth]
  6208 | D:5      | Reached XP level 6. HP: 14/28 MP: 11/11
  6466 | D:5      | Learned a level 2 spell: Blink
  6470 | D:5      | Learned a level 3 spell: Teleport Other
  6606 | D:5      | You pick up a book of Fire and begin reading...
  6606 | D:5      | You add the spells Fireball, Starburst and Ignition to your
                  | library.
  6872 | D:5      | HP: 4/28 [phantom (8)]
  6875 | D:5      | Slain by a phantom

Vanquished Creatures
  2 ogres (D:5)
  2 hounds
  A hound skeleton (D:3)
  4 adders
  3 gnolls (D:2)
  An ufetubus (D:5)
  2 worms
  5 dart slugs
  2 orcs (D:3)
  5 bats
  8 endoplasms
  5 giant cockroaches
  5 goblins
  3 hobgoblins
  3 jackals (D:4)
  3 kobolds
  3 quokkas
  8 ball pythons
  3 rats
68 creatures vanquished.

Table legend:
 A = Non-vault XP
 B = Vault XP
 C = Vault XP percentage of total XP
 D = Non-vault monster count
 E = Vault monster count
 F = Vault count percentage of total count
                 A         B        C        D         E       F
            +---------+---------+-------+---------+---------+-------
      Total |     514 |      61 |  10.6 |      57 |      11 |  16.2
            +---------+---------+-------+---------+---------+-------
        D:1 |      29 |       0 |   0.0 |      14 |       0 |   0.0
        D:2 |      63 |       0 |   0.0 |      14 |       0 |   0.0
        D:3 |      83 |      14 |  14.4 |      11 |       1 |   8.3
        D:4 |      70 |      20 |  22.2 |      14 |       3 |  17.6
        D:5 |     269 |      27 |   9.1 |       4 |       7 |  63.6
            +---------+---------+-------+---------+---------+-------

Illustrated notes

Table legend:
 A = Kills in this place as a percentage of kills in entire the game.
 B = Kills by you in this place as a percentage of kills by you in the entire game.
 C = Kills by friends in this place as a percentage of kills by friends in the entire game.
 D = Other kills in this place as a percentage of other kills in the entire game.
 E = Experience gained in this place as a percentage of experience gained in the entire game.
 F = Experience gained in this place divided by the number of levels of this place that you have seen.
                   A       B       C       D       E      F
               +-------+-------+-------+-------+-------+----------------------
         Total | 100.0 | 100.0 |   N/A |   N/A | 100.0 | 115.0
       Dungeon | 100.0 | 100.0 |   N/A |   N/A | 100.0 | 115.0
               +-------+-------+-------+-------+-------+----------------------

Table legend: (Time is in decaauts)
 A = Elapsed time spent in this place.
 B = Non-inter-level travel time spent in this place.
 C = Inter-level travel time spent in this place.
 D = Time resting spent in this place.
 E = Time spent auto-exploring this place.
 F = Levels seen in this place.
 G = Mean time per level.
                   A        B        C        D        E       F      G
               +--------+--------+--------+--------+--------+-----+--------+
         Total |   6284 |   6117 |    167 |   3209 |   1353 |   5 | 1256.8 |
       Dungeon |   6284 |   6117 |    167 |   3209 |   1353 |   5 | 1256.8 |
               +--------+--------+--------+--------+--------+-----+--------+

Top non-repeatable levels by time:
     D:2: 1907 daAuts
     D:5: 1186 daAuts
     D:1: 1152 daAuts
     D:3: 1126 daAuts
     D:4: 910 daAuts
